 Dungeon Crawl Stone Soup version 0.20-a0-71-g11d6418 (webtiles) character file.

705 KristoblXynda the Chucker (level 7, -3/56 HPs)
             Began as a Mottled Draconian Hunter on Nov 18, 2016.
             Was a Follower of Cheibriados.
             Slain by an orc priest
             ... wielding a +0 hand axe
              (7 damage)
             ... on level 4 of the Dungeon.
             The game lasted 00:09:53 (4754 turns).

KristoblXynda the Chucker (DrHu)                    Turns: 4754, Time: 00:09:53

Health: -3/56      AC:  7    Str: 17    XL:     7   Next: 39%
Magic:  15/16      EV: 14    Int: 17    God:    Cheibriados [*.....]
Gold:   144        SH:  0    Dex: 14    Spells: 0 memorised, 6 levels left

rFire  . . .     SeeInvis .     n - +0 falchion
rCold  . . .     Gourm    .     (armour unavailable)
rNeg   . . .     Faith    .     (no shield)
rPois  .         Spirit   .     (helmet restricted)
rElec  .         Reflect  .     (no cloak)
rCorr  .         Harm     .     (no gloves)
MR     .....                    k - +0 pair of boots
Stlth  +++.......               l - amulet of magic regeneration
                                (no ring)
                                g - ring of magical power

@: short of breath, very slow
A: breathe sticky flame splash, unfitting armour, cold-blooded, AC +6
a: Breathe Sticky Flame, Bend Time, Renounce Religion


You were on level 4 of the Dungeon.
You worshipped Cheibriados.
Cheibriados was aware of your devotion.
You were not hungry.

You visited 1 branch of the dungeon, and saw 4 of its levels.

You collected 144 gold pieces.

Inventory:

Hand Weapons
 n - a +0 falchion (weapon)
Missiles
 c - 2 throwing nets
 e - a javelin (quivered)
Armour
 k - a +0 pair of boots (worn)
Jewellery
 g - a ring of magical power (left hand)
 l - an amulet of magic regeneration (around neck)
Wands
 q - a wand of digging (16/24)
Scrolls
 a - 3 scrolls of identify
 b - 2 scrolls of remove curse
 f - a scroll of random uselessness {unknown}
 h - a scroll of immolation
 i - a scroll of recharging
 j - 2 scrolls of magic mapping
 o - a scroll of fear {unknown}
Potions
 p - a potion of magic
Comestibles
 d - 2 bread rations
 m - 3 chunks of flesh


   Skills:
 - Level 2.6 Fighting
 + Level 3.3 Long Blades
 + Level 5.1 Throwing
 + Level 4.1 Dodging
 + Level 4.1 Stealth


You had 6 spell levels left.
You didn't know any spells.

Dungeon Overview and Level Annotations

Branches:
Dungeon (4/15)
 Temple: D:4-7

Altars:
Cheibriados
Fedhas
Hepliaklqana
Nemelex Xobeh
Sif Muna
Uskayaw
The Shining One

Annotations:
D:4 KristoblXynda's ghost, novice NaHu


Innate Abilities, Weirdness & Mutations

You can spit globs of burning liquid.
You can ignite nearby creatures when you spit burning liquid.
Your weird mottled scales are hard. (AC +6)
You cannot fit into any form of body armour.
You are cold-blooded and may be slowed by cold attacks.


Message History

Okay, then.
It was a potion of cancellation.
You feel magically purged.
Okay, then.
You can't do that yet.
Unknown command.
Okay, then.
The flow of time bends around you.
The orc priest resists with some effort.
You feel slightly more hungry. The orc priest closely misses you.
Unknown command.
Unknown command.
Okay, then.
Okay, then.
You hit the orc priest but do no damage.
The orc priest completely misses you.
You closely miss the orc priest. The orc priest closely misses you.
You barely miss the orc priest. The orc priest misses you.
You closely miss the orc priest.
The orc priest hits you with a hand axe!
You die...

##W .#. #..
#
#.##.#####
##(.......
##(.#.#####
#.#.# #
.##.#
#########
....#
#...@o))#
#####
#.#####).#
# #.# #....
# #.# #####
# #.# .
....#
#.###### .
..#.#
#......# .
#.#.#
######.# .
#.#.# #.#


You could see an orc priest.

Vanquished Creatures
  The ghost of KristoblXynda the Chucker, an amateur DrHu (D:3)
  2 ogres (D:4)
  An orc priest (D:3)
  An orc wizard (D:4)
  A bullfrog skeleton (D:4)
  Natasha (thrice) (D:3)
  7 adders
  3 worms
  A dart slug (D:2)
  2 leopard geckos (D:3)
  8 orcs
  9 bats
  5 giant cockroaches
  12 goblins
  11 hobgoblins
  7 jackals
  2 quokkas
  3 ball pythons
  3 frilled lizards
  A jackal skeleton (D:3)
  7 kobolds
  8 rats
98 creatures vanquished.

Notes
Turn   | Place    | Note
-------+----------+-------------------------------------------
     0 | D:1      | KristoblXynda the Draconian Hunter began the quest for the Orb.
     0 | D:1      | Reached XP level 1. HP: 17/17 MP: 1/1
   124 | D:1      | Reached skill level 1 in Stealth
   144 | D:1      | Reached XP level 2. HP: 19/25 MP: 2/2
  1046 | D:2      | Reached XP level 3. HP: 28/30 MP: 3/3
  1765 | D:2      | Reached XP level 4. HP: 34/37 MP: 4/4
  1940 | D:2      | Reached skill level 4 in Throwing
  2183 | D:2      | Found a blossoming altar of Fedhas.
  2183 | D:2      | Found a deep blue altar of Sif Muna.
  2186 | D:2      | Found a hazy altar of Hepliaklqana.
  2190 | D:2      | Found a hide-covered altar of Uskayaw.
  2190 | D:2      | Found a sparkling altar of Nemelex Xobeh.
  2190 | D:2      | Found a snail-covered altar of Cheibriados.
  2191 | D:2      | Found a glowing golden altar of the Shining One.
  2209 | D:2      | Became a worshipper of Cheibriados the Contemplative
  2284 | D:3      | Noticed Natasha
  2285 | D:3      | Noticed KristoblXynda's ghost (amateur DrHu)
  2302 | D:3      | Killed Natasha
  2893 | D:3      | Reached skill level 1 in Long Blades
  2979 | D:3      | Noticed Natasha
  2990 | D:3      | Killed Natasha
  2990 | D:3      | Reached XP level 5. HP: 34/42 MP: 5/5
  3044 | D:3      | Noticed Natasha
  3057 | D:3      | Killed Natasha
  3124 | D:3      | Found a faded altar of an unknown god.
  3253 | D:3      | Killed KristoblXynda's ghost
  3253 | D:3      | Reached XP level 6. HP: 12/50 MP: 6/6
  3310 | D:3      | Reached * piety under Cheibriados
  3961 | D:4      | Your scales start taking on a weird mottled colour.
  3961 | D:4      | Reached XP level 7. HP: 46/56 MP: 7/7
  4102 | D:4      | Noticed KristoblXynda's ghost (novice NaHu)
  4546 | D:4      | Reached skill level 5 in Throwing
  4754 | D:4      | Slain by an orc priest

Vault maps used:
D:1:      sevenhm_arrival_forest_fort_large_2, corexii_leaking_fountain
D:2:      minitemple, minmay_misc_feat_ornament, grunt_decor_mini_mirrors
D:3:      chequers_ecumenical_altar_simple, uniq_natasha
D:4:      first_bread, kennysheep_potato

Skill      XL: |  1  2  3  4  5  6  7 |
---------------+----------------------+-----
Stealth        | 1 2 3 4 |  4.1
Dodging        | 2 3 4 |  4.1
Throwing       | 4 5 |  5.1
Long Blades    | 1 2 3 |  3.3
Fighting       | |  2.6

Action                   |  1- 3 |  4- 6 |  7- 9 || total
-------------------------+-------+-------+-------++-------
Melee: Short sword       |    76 |       |       ||    76
       Tailslap          |    17 |    22 |    13 ||    52
       Unarmed           |    90 |       |       ||    90
       Falchion          |    13 |   168 |    49 ||   230
Throw: Javelin           |    17 |    11 |     3 ||    31
       Throwing net      |     2 |     1 |       ||     3
Invok: Bend Time         |       |       |     2 ||     2
 Abil: Breathe Sticky Fl |       |       |     5 ||     5
  Use: Potion            |     1 |     5 |     1 ||     7
       Scroll            |       |     6 |       ||     6
 Stab: Sleeping          |     1 |     2 |       ||     3
       Held in net/web   |     2 |       |       ||     2
       Invisible         |       |     3 |       ||     3
  Eat: Chunk             |     3 |     5 |     1 ||     9
       Beef jerky        |       |     1 |     1 ||     2
Armor: Skin              |    71 |    58 |     8 ||   137
Dodge: Dodged            |   143 |   127 |    39 ||   309
       Rpst.: Falchion   |     4 |    41 |    12 ||    57
